 Dungeon Crawl Stone Soup version 0.19-a0-1622-g1bbd97d (webtiles) character file.

458390 TheGoonsmith the Executioner (level 24, 0/231 HPs)
             Began as a Hill Orc Gladiator on Sept 17, 2016.
             Was a Priest of Uskayaw.
             Slain by a brown very ugly thing (16 damage)
             ... on level 5 of the Depths on Sept 18, 2016.
             The game lasted 02:08:01 (50214 turns).

TheGoonsmith the Executioner (Hill Orc Gladiator)  Turns: 50214, Time: 02:08:02

Health: 0/231      AC: 37    Str: 28    XL:     24   Next: 43%
Magic:  0/44       EV: 23    Int:  8    God:    Uskayaw [***...]
Gold:   3430       SH:  6    Dex: 16    Spells: 2 memorised, 19 levels left

rFire  . . .     SeeInvis .     c - +7 executioner's axe (flame)
rCold  + . .     Gourm    .     a - +8 chain mail {rC+}
rNeg   . . .     Faith    .     (shield currently unavailable)
rPois  .         Spirit   +     t - +2 hat {Spirit}
rElec  .         Dismiss  .     e - +2 cloak
rCorr  .         Reflect  +     o - +4 pair of gloves of God Told Me To {MP+9}
MR     +....     Harm     .     R - +2 pair of boots of Gravitas {Str+4}
Stlth  ..........               x - +6 amulet of reflection
                                w - +6 ring of evasion
                                q - ring of protection from magic

@: about to teleport, vulnerable
A: fangs 1
a: Stomp, Line Pass, Renounce Religion
}: 2/15 runes: serpentine, barnacled


You were on level 5 of the Depths.
You worshipped Uskayaw.
Uskayaw was most pleased with you.
You were very hungry.

You visited 8 branches of the dungeon, and saw 41 of its levels.
You visited the Abyss 1 time.
You also visited: Labyrinth, Bailey and Ice Cave.

You collected 5252 gold pieces.
You spent 1822 gold pieces at shops.

Inventory:

Hand Weapons
 c - a +7 executioner's axe of flaming (weapon)
Missiles
 b - 25 javelins (quivered)
 d - 10 throwing nets
 J - 10 poisoned javelins
 M - 20 javelins of penetration
 N - 63 tomahawks
 O - 13 javelins of returning
 Q - 18 steel javelins
Armour
 a - a +8 chain mail of cold resistance (worn)
 e - a +2 cloak (worn)
 o - the +4 pair of gloves of God Told Me To (worn) {MP+9}
   (You found it in a labyrinth)

   It affects your magic capacity (+9).
 t - a +2 hat of spirit shield (worn)
 R - the +2 pair of boots of Gravitas (worn) {Str+4}
   (You acquired it on level 3 of the Depths)

   It affects your strength (+4).
Jewellery
 q - a ring of protection from magic (left hand)
 w - a +6 ring of evasion (right hand)
 x - a +6 amulet of reflection (around neck)
Wands
 k - a wand of teleportation (4/9)
 y - a wand of heal wounds (6/9)
Scrolls
 g - 4 scrolls of magic mapping
 m - 8 scrolls of recharging
 r - 15 scrolls of identify
 v - 4 scrolls of fog
 z - a scroll of silence
 D - 5 scrolls of blinking
 L - 12 scrolls of remove curse
 P - 5 scrolls of fear
 V - 6 scrolls of teleportation
 W - a scroll of summoning
Potions
 i - 15 potions of curing
 l - 5 potions of might
 n - 2 potions of heal wounds
 p - 7 potions of flight
 s - 4 potions of resistance
 A - 9 potions of haste
 B - 2 potions of magic
 F - 4 potions of cancellation
 I - 3 potions of berserk rage
 K - 3 potions of invisibility
 S - 5 potions of ambrosia
 X - 7 potions of agility
Miscellaneous
 u - a lamp of fire
 C - 2 phantom mirrors
 E - a fan of gales
 H - a disc of storms
 U - a sack of spiders
 Y - a box of beasts
Comestibles
 f - 20 bread rations
 h - 2 meat rations
 j - 12 beef jerkies
 G - a royal jelly
 T - 48 fruits
 Z - 6 chunks of flesh


   Skills:
 + Level 21.8 Fighting
   Level 12.6 Long Blades
 - Level 26.1 Axes
 + Level 11.9 Throwing
 + Level 17.0 Armour
 + Level 12.5 Dodging
   Level 4.0 Shields
 - Level 17.4 Invocations
 + Level 4.4 Evocations


You had 19 spell levels left.
You knew the following spells:

 Your Spells              Type           Power        Failure   Level  Hunger
a - Song of Slaying       Chrm           #.......     99%         2    ###....
b - Swiftness             Chrm/Air       #.......     99%         2    ###....


Dungeon Overview and Level Annotations

Branches:
Dungeon (15/15)            Temple (1/1) D:4            Lair (6/6) D:11
 Shoals (4/4) Lair:3        Snake (4/4) Lair:4        Slime (0/5) Lair:5
    Orc (2/2) D:12            Elf (0/3) Orc:2        Vaults (4/5) D:14
  Crypt (0/3) Vaults:2     Depths (5/5) D:15
    Zot: Depths:5

Altars:
Ashenzari
Cheibriados
Dithmenos
Elyvilon
Fedhas
Gozag
Hepliaklqana
Kikubaaqudgha
Makhleb
Nemelex Xobeh
Okawaru
Qazlal
Ru
Sif Muna
Trog
Uskayaw
Vehumet
Xom
Yredelemnul
Zin
The Shining One
Jiyva

Shops:
D:9 %   D:14 !   D:15 (   Orc:1 !   Orc:2 ([[?(   Snake:4 (

Portals:
Hell: Lair:6 Depths:1 Depths:2 Depths:3 Depths:4
Abyss: Depths:4
Pandemonium: Depths:1 Depths:3 Depths:4 Depths:5
Trove: Depths:3 (give 18 potions of curing)

Annotations:
D:4 exclusion: door
Lair:5 1 runed door


Innate Abilities, Weirdness & Mutations

You have very sharp teeth.


Message History

You barely miss the stone giant. You slice the soul eater!!
You burn the soul eater!
You block the brown very ugly thing's attack.
The stone giant hits you!
* * * LOW HITPOINT WARNING * * *
The vampire knight mumbles some strange words.
The vampire knight seems to speed up.
Unholy energy fills the air.
* * * LOW HITPOINT WARNING * * *
Uskayaw will force your foes to helplessly watch your dance.
Unknown command.
As you read the scroll of teleportation, it crumbles to dust.
You feel strangely unstable. The soul eater completely misses you.
The phantasmal warrior hits you!
* * * LOW HITPOINT WARNING * * *
Your magical defenses are stripped away!
You hear some strange, mumbled words.
The soul eater draws from the surrounding life force!
* * * LOW HITPOINT WARNING * * *
The brown very ugly thing headbutts you!!
You die...

%..##+### ### VV.[%..#
.. ......#.. #z....#.
#.....' #..%..#######
#..3C........
###+######..3@W.......
...........){u{..§....
...........W.†.......?
.............)..†.....
...........)...†......
......((..(..((†......
########..#..†.........
#......................
#=≈≈≈≈≈≈≈≈≈.....^......


You could see a brown very ugly thing, a stone giant, a vampire knight, a
skeletal warrior, 2 soul eaters, a vampire mage and 2 phantasmal warriors.

Vanquished Creatures
  Sojobo (Depths:3)
  Bai Suzhen (Shoals:4)
  The ghost of TheGoonsmith the Ruinous, a veteran GrFE of Vehumet (Depths:3)
  the Enchantress (Depths:2)
  A Tzitzimitl (Depths:2)
  Jorgrun (Vaults:3)
  A tentacled monstrosity (Depths:4)
  A quicksilver dragon (shapeshifter) (Vaults:2)
  3 liches
  Rupert (Snake:1)
  Polyphemus (Shoals:4)
  2 krakens
  Gastronok (Lair:2)
  A sphinx (Depths:4)
  4 storm dragons
  A shadow dragon (Depths:2)
  A revenant (Vaults:2)
  Roxanne (Snake:3)
  Agnes (Snake:1)
  5 tengu reavers
  9 greater nagas
  Ilsuiw (Shoals:4)
  6 fire giants
  8 frost giants
  A deep elf sorcerer (Vaults:4)
  5 vault wardens
  Aizul (Snake:1)
  A reaper (IceCv)
  A deep elf elementalist (Depths:4)
  2 war gargoyles
  A curse skull (Vaults:2)
  8 ironheart preservers
  11 stone giants
  3 spriggan defenders
  16 very ugly things
  A vampire knight (Depths:4)
  Azrael (D:14)
  The ghost of TheGoonsmith the Grappler, a journeyman NaTm of Cheibriados (Lair:4)
  A dire elephant (Lair:6)
  2 deep elf demonologists
  2 entropy weavers (Vaults:2)
  Snorg (Lair:6)
  9 fire dragons
  3 spark wasps (Depths:3)
  A blizzard demon (Depths:3)
  2 deep elf death magi
  5 merfolk javelineers
  13 ogre magi
  13 yaktaur captains
  A minotaur (Lab)
  A minotaur (shapeshifter) (Depths:4)
  An eidolon (Depths:2)
  9 ettins
  Josephine (D:14)
  A jiangshi (Vaults:2)
  A deep elf high priest (Vaults:2)
  8 vault guards
  10 merfolk impalers
  6 great orbs of eyes
  A rakshasa (Vaults:1)
  9 ice dragons
  14 naga warriors
  9 hydras
  4 spriggan air magi (Depths:2)
  Erica (D:11)
  7 centaur warriors
  5 tengu warriors
  2 dancing weapons (Depths:2)
  3 death knights
  10 anacondas
  An alligator (Lair:6)
  An alligator snapping turtle (Shoals:4)
  2 merfolk aquamancers
  6 deep troll shamans
  4 satyrs
  2 death yaks
  5 deep troll earth magi
  3 orc high priests
  2 thrashing horrors
  3 spriggan berserkers (Depths:4)
  10 shock serpents
  13 naga sharpshooters
  2 vampire magi
  A sun demon (Lair:6)
  7 hell knights (Depths:4)
  7 skeletal warriors
  A soul eater (Depths:2)
  31 slime creatures
  4 spriggans
  5 shadow wraiths
  A sixfirhy (Lair:6)
  6 iron trolls
  7 salamander mystics
  12 sea snakes
  3 deep elf knights
  18 deep trolls
  2 spectral anacondas (Depths:2)
  2 death drakes (Depths:2)
  A kraken simulacrum (Shoals:4)
  2 orange crystal statues (Depths:2)
  A sea snake (shapeshifter) (Depths:1)
  7 glowing orange brains
  5 flayed ghosts
  A swamp dragon (shapeshifter) (Depths:1)
  2 deep elf archers (Vaults:2)
  A torturous demonspawn (Depths:3)
  2 wizards
  6 harpies
  4 lindwurms (Snake:4)
  2 unseen horrors
  7 naga ritualists
  4 phantasmal warriors
  7 ironbrand convokers
  2 wolf spider zombies (D:14)
  3 necromancers
  A tengu skeleton (Vaults:3)
  5 deep elf magi
  30 ugly things
  3 wolf spiders
  7 hill giants
  19 mana vipers
  3 orc sorcerers (Orc:2)
  7 cyclopes
  10 orc knights
  15 salamanders
  21 fauns
  A manticore (shapeshifter) (Depths:5)
  A moth of wrath (shapeshifter) (Depths:4)
  8 manticores
  8 sirens
  2 ice statues (IceCv)
  35 black mambas
  3 hornets
  2 rust devils
  8 elephants
  20 naga magi
  9 vault sentinels
  7 water nymphs
  14 spiny frogs
  8 guardian serpents
  8 orange demons
  2 centaur zombies
  4 kobold demonologists
  2 gargoyles
  12 komodo dragons
  23 yaktaurs
  5 centaur skeletons
  A komodo dragon (shapeshifter) (D:15)
  10 freezing wraiths
  A hellwing (Lair:6)
  12 ice devils
  2 spectral merfolk (Depths:2)
  A tyrant leech (Abyss:3)
  A red devil (Depths:3)
  36 merfolk
  A queen bee (shapeshifter) (D:15)
  3 meliai (D:15)
  6 wind drakes
  A jumping spider (shapeshifter) (Vaults:4)
  9 trolls
  27 two-headed ogres
  3 tengu conjurers
  A raiju (shapeshifter) (D:14)
  2 raiju (Depths:2)
  8 boulder beetles
  10 snapping turtles
  Prince Ribbit (Lair:2)
  A human simulacrum (Vaults:4)
  A blink frog (shapeshifter) (Vaults:4)
  19 blink frogs
  A frost giant simulacrum (Vaults:4)
  A hippogriff (shapeshifter) (Vaults:2)
  9 dream sheep
  12 hippogriffs
  3 redbacks
  An ettin skeleton (Vaults:4)
  5 shadows
  A vampire (Depths:2)
  5 wyverns
  12 wraiths
  A ynoxinul (Depths:3)
  6 water elementals
  3 air elementals (Depths:2)
  A yak (shapeshifter) (Vaults:4)
  A tarantella (shapeshifter) (D:15)
  3 fire elementals (D:14)
  2 hogs (shapeshifter)
  19 yaks
  8 basilisks
  4 hungry ghosts
  10 vampire mosquitoes
  3 mottled dragons
  31 nagas
  10 wargs
  A hydra simulacrum (Depths:2)
  10 hell hounds
  13 water moccasins
  A spectral troll (Depths:2)
  A floating eye (Depths:2)
  A floating eye (shapeshifter) (Vaults:4)
  8 porcupines
  A snapping turtle zombie (Depths:2)
  7 ice beasts
  A black bear (D:9)
  3 sky beasts
  5 boggarts
  34 orc warriors
  2 eyes of draining
  An ice beast (shapeshifter) (Vaults:1)
  5 wasps
  A phantom (D:10)
  55 ogres
  10 centaurs
  An elf skeleton (Vaults:4)
  19 wolves
  A crocodile (shapeshifter) (D:15)
  16 crocodiles
  4 big kobolds
  15 bullfrogs
  3 human zombies (Vaults:3)
  An ogre simulacrum (Vaults:1)
  2 scorpions
  A water moccasin skeleton (D:5)
  8 killer bees
  3 spectral ogres (Depths:2)
  6 wights
  3 howler monkeys
  5 spectral centaurs (Depths:2)
  2 crimson imps
  A quasit (Depths:3)
  4 hounds
  19 orc priests
  A bullfrog zombie (D:7)
  2 gnoll shamans
  A jelly (D:9)
  10 iguanas
  22 orc wizards
  10 worker ants
  A spriggan simulacrum (Depths:2)
  2 hound skeletons (D:6)
  A worker ant zombie (D:11)
  16 adders
  13 gnolls
  A naga simulacrum (Depths:2)
  62 river rats
  6 shadow imps
  10 white imps
  10 ufetubi
  An ooze (D:1)
  An adder skeleton (D:6)
  5 worms
  3 dart slugs
  10 leopard geckos
  86 orcs
  2 ball pythons
  4 giant cockroaches
  7 goblins
  9 hobgoblins
  9 jackals
  16 kobolds
  5 quokkas
  10 bats
  11 frilled lizards
  A jackal zombie (D:5)
  A quokka skeleton (D:4)
  9 rats
  3 fungi
  9 plants
  5 tentacles (Shoals:4)
1742 creatures vanquished.

Vanquished Creatures (others)
  Asterion (Depths:3)
  A catoblepas (Shoals:4)
  A shadow wraith (Vaults:2)
  A faun (Shoals:2)
  A smoke demon (Abyss:3)
  A dream sheep (Shoals:4)
  A boulder beetle (Abyss:3)
  An orc warrior (Bailey)
  A spectral centaur (Depths:2)
  5 river rats (Lair:6)
  2 white imps (IceCv)
  2 ufetubi (IceCv)
  5 orcs
  8 plants
  12 tentacles
43 creatures vanquished.

Grand Total: 1785 creatures vanquished

Notes
Turn   | Place    | Note
-------+----------+-------------------------------------------
     0 | D:1      | TheGoonsmith the Hill Orc Gladiator began the quest for the Orb.
     0 | D:1      | Reached XP level 1. HP: 18/18 MP: 1/1
   156 | D:1      | Reached XP level 2. HP: 20/25 MP: 2/2
   366 | D:1      | Reached XP level 3. HP: 31/31 MP: 3/3
   408 | D:1      | Reached skill level 5 in Axes
  1233 | D:1      | Reached XP level 4. HP: 26/38 MP: 4/4
  1686 | D:2      | Reached skill level 6 in Axes
  1763 | D:2      | Found a glowing golden altar of the Shining One.
  1856 | D:2      | Found a bloodstained altar of Trog.
  2462 | D:3      | Found a basalt altar of Yredelemnul.
  2522 | D:3      | Reached XP level 5. HP: 46/46 MP: 5/5
  2646 | D:3      | Found a white marble altar of Elyvilon.
  2699 | D:4      | Found a sparkling altar of Nemelex Xobeh.
  2728 | D:4      | Noticed an ogre
  2737 | D:4      | Killed an ogre
  2737 | D:4      | Reached skill level 7 in Axes
  2737 | D:4      | Reached XP level 6. HP: 53/53 MP: 6/6
  2751 | D:4      | Found a deep blue altar of Sif Muna.
  2801 | D:4      | Found a staircase to the Ecumenical Temple.
  2808 | Temple   | Entered the Ecumenical Temple
  3224 | D:4      | Reached skill level 5 in Fighting
  3550 | D:4      | Reached skill level 8 in Axes
  4078 | D:4      | Reached XP level 7. HP: 58/61 MP: 7/7
  4339 | D:5      | Entered Level 5 of the Dungeon
  4466 | D:5      | Reached skill level 9 in Axes
  5517 | D:6      | Reached skill level 10 in Axes
  5517 | D:6      | Reached XP level 8. HP: 66/71 MP: 8/8
  5905 | D:6      | Found a shadowy altar of Dithmenos.
  6218 | D:7      | Reached skill level 11 in Axes
  6437 | D:7      | Reached skill level 12 in Axes
  6437 | D:7      | Reached XP level 9. HP: 49/81 MP: 9/9
  6496 | D:7      | Found a radiant altar of Vehumet.
  6652 | D:7      | Found a hide-covered altar of Uskayaw.
  6663 | D:7      | Became a worshipper of Uskayaw the Reveler
  6767 | D:7      | Reached * piety under Uskayaw
  6783 | D:7      | Reached ** piety under Uskayaw
  6940 | D:7      | Reached skill level 13 in Axes
  6963 | D:7      | Found a glowing silver altar of Zin.
  7074 | D:8      | Reached skill level 1 in Armour
  7443 | D:8      | Reached *** piety under Uskayaw
  7525 | D:9      | Found a burning altar of Makhleb.
  7590 | D:9      | Reached skill level 5 in Armour
  7742 | D:9      | Found a stormy altar of Qazlal.
  7776 | D:9      | Found Yshroopi's Food Shop.
  7826 | D:9      | You fall through a shaft!
  7826 | D:10     | Entered Level 10 of the Dungeon
  7851 | D:10     | Noticed a troll
  7860 | D:10     | Killed a troll
  7860 | D:10     | Reached XP level 10. HP: 87/90 MP: 10/10
  7963 | D:9      | Reached **** piety under Uskayaw
  8577 | D:10     | Reached skill level 14 in Axes
  8909 | D:10     | Reached skill level 10 in Fighting
  9087 | D:10     | Noticed a hill giant
  9097 | D:10     | Killed a hill giant
  9239 | D:11     | Reached XP level 11. HP: 95/102 MP: 11/11
  9250 | D:11     | Found a labyrinth entrance.
  9256 | Lab      | Entered a labyrinth
  9594 | Lab      | Noticed a minotaur
  9612 | Lab      | Killed a minotaur
  9627 | Lab      | Identified the Papyrus of Boosts
  9638 | Lab      | Got a pair of steaming gloves
  9800 | D:11     | Identified the +4 pair of gloves of God Told Me To {MP+9} (You found it in a labyrinth)
  9827 | D:11     | Reached skill level 5 in Dodging
 10027 | D:11     | Gained mutation: You have a pair of small antennae on your head. [potion of beneficial mutation]
 10028 | D:11     | Gained mutation: You have sharp toenails. [potion of beneficial mutation]
 10044 | D:11     | Found a sparkling altar of Nemelex Xobeh.
 10149 | D:11     | Found a staircase to the Lair.
 10149 | D:11     | Noticed Erica
 10162 | D:11     | Killed Erica
 10278 | D:11     | Noticed a cyclops
 10612 | D:11     | Killed a cyclops
 11073 | Lair:1   | Entered Level 1 of the Lair of Beasts
 11250 | Lair:1   | Reached skill level 5 in Invocations
 11722 | Lair:1   | Reached ***** piety under Uskayaw
 11815 | Lair:1   | Learned a level 2 spell: Song of Slaying
 11818 | Lair:1   | Learned a level 2 spell: Swiftness
 11951 | Lair:1   | Reached XP level 12. HP: 92/110 MP: 17/17
 12363 | Lair:2   | Noticed Prince Ribbit
 12374 | Lair:2   | Killed Prince Ribbit
 12545 | Lair:2   | Reached skill level 10 in Invocations
 12658 | Lair:2   | Noticed Gastronok
 12686 | Lair:2   | Killed Gastronok
 12686 | Lair:2   | Reached skill level 10 in Armour
 12904 | Lair:2   | Noticed an eight-headed hydra
 12919 | Lair:2   | Killed a one-headed hydra
 13158 | Lair:2   | You fall through a shaft for 2 floors!
 13239 | Lair:4   | Noticed an eight-headed hydra
 13254 | Lair:4   | Killed a one-headed hydra
 13288 | Lair:4   | Found a staircase to the Snake Pit.
 13662 | Lair:4   | Reached XP level 13. HP: 112/122 MP: 20/20
 14145 | Lair:4   | Noticed TheGoonsmith's ghost (journeyman NaTm)
 14181 | Lair:4   | Killed TheGoonsmith's ghost
 15088 | Lair:3   | Found a staircase to the Shoals.
 15552 | Lair:2   | Reached skill level 15 in Fighting
 15914 | D:12     | Found a bloodstained altar of Trog.
 16116 | D:12     | Found a staircase to the Orcish Mines.
 16737 | Orc:1    | Entered Level 1 of the Orcish Mines
 16750 | Orc:1    | Found a flagged portal.
 16824 | Orc:1    | Found Gitib's Distillery.
 16838 | Bailey   | Entered a bailey
 17535 | Orc:1    | Bought a potion of degeneration for 17 gold pieces
 17791 | Orc:2    | Entered Level 2 of the Orcish Mines
 17802 | Orc:2    | Reached skill level 15 in Axes
 17811 | Orc:2    | Found a frozen archway.
 17816 | IceCv    | Entered an ice cave
 17994 | IceCv    | Reached XP level 14. HP: 122/135 MP: 21/21
 18108 | IceCv    | Noticed a reaper
 18114 | IceCv    | Killed a reaper
 18124 | IceCv    | Got a warped chain mail
 18164 | IceCv    | Got a fine demon blade
 18189 | IceCv    | Reached skill level 16 in Axes
 18514 | Orc:2    | Found a staircase to the Elven Halls.
 18622 | Orc:2    | Found Viosypot's Antique Weapon Emporium.
 19151 | Orc:2    | Identified the +5 chain mail of the Blizzard {*Slow rF+ MR++} (You found it in an ice cave)
 19232 | Orc:2    | Gained mutation: You expend magic power (3 MP) to strengthen your wands. [a neqoxec]
 19273 | Orc:1    | Reached skill level 17 in Axes
 19679 | Orc:2    | Paralysed by an orc sorcerer for 7 turns
 19751 | Orc:2    | Found Raaj's Magic Scroll Boutique.
 19751 | Orc:2    | Found Jaolanki's Antique Armour Shoppe.
 19751 | Orc:2    | Paralysed by an orc sorcerer for 2 turns
 19761 | Orc:2    | Found Demmeon's Antique Armour Boutique.
 19761 | Orc:2    | Found Ruchacsoseh's Weapon Shoppe.
 19806 | Orc:2    | Bought a +0 vampiric broad axe for 196 gold pieces
 19811 | Orc:2    | Identified the +7 demon blade "Daghios" {vamp, MR+ MP+9 Dex+2 Stlth+} (You found it in an ice cave)
 19889 | Orc:2    | Bought a spiked buckler for 256 gold pieces
 19889 | Orc:2    | Bought a pair of encrusted gloves for 256 gold pieces
 19895 | Orc:2    | Identified the +1 buckler "Zommewe" {rC+} (You bought it in a shop on level 2 of the Orcish Mines)
 19912 | Orc:2    | Identified the cursed -3 pair of gloves of Yredelemnul's Whim {+Inv MP+9 Int-4 Slay+4} (You bought it in a shop on level 2 of the Orcish Mines)
 19914 | Orc:2    | Bought a scroll of identify for 34 gold pieces
 19914 | Orc:2    | Bought a scroll of identify for 34 gold pieces
 19914 | Orc:2    | Bought a scroll of identify for 34 gold pieces
 19970 | Orc:1    | Bought a potion of might for 68 gold pieces
 19970 | Orc:1    | Bought a potion of curing for 51 gold pieces
 19970 | Orc:1    | Bought a potion of curing for 51 gold pieces
 19970 | Orc:1    | Bought a potion of heal wounds for 85 gold pieces
 19970 | Orc:1    | Bought a potion of agility for 68 gold pieces
 20197 | Lair:5   | Reached skill level 1 in Shields
 20313 | Lair:5   | Found a runed door.
 20314 | Lair:5   | Found a viscous altar of Jiyva.
 20314 | Lair:5   | Found a staircase to the Slime Pits.
 20314 | Lair:5   | Noticed an acid blob
 20314 | Lair:5   | Noticed an acid blob
 20511 | Lair:5   | Reached skill level 1 in Long Blades
 21066 | Lair:6   | Entered Level 6 of the Lair of Beasts
 21174 | Lair:6   | Reached skill level 1 in Evocations
 21420 | Lair:6   | Reached skill level 5 in Long Blades
 21435 | Lair:6   | Reached ****** piety under Uskayaw
 21667 | Lair:6   | Noticed a dire elephant
 21688 | Lair:6   | Killed a dire elephant
 21688 | Lair:6   | Reached XP level 15. HP: 98/145 MP: 13/22
 21965 | Lair:6   | Noticed Snorg
 21973 | Lair:6   | Killed Snorg
 21973 | Lair:6   | Cast into level 3 of the Abyss (a wizard)
 22016 | Lair:6   | Escaped the Abyss
 22113 | Lair:6   | Found a burning altar of Makhleb.
 22136 | Lair:6   | Found a gateway to Hell.
 23468 | D:14     | Noticed Azrael
 23483 | D:14     | Killed Azrael
 23551 | D:14     | Reached skill level 10 in Long Blades
 23720 | D:14     | Found Guam's Distillery.
 23733 | D:14     | Bought a potion of invisibility for 112 gold pieces
 23733 | D:14     | Bought a potion of resistance for 140 gold pieces
 23733 | D:14     | Bought a potion of agility for 56 gold pieces
 23733 | D:14     | Bought 2 potions of might for 112 gold pieces
 23733 | D:14     | Bought a potion of heal wounds for 70 gold pieces
 23733 | D:14     | Bought a potion of haste for 140 gold pieces
 23817 | D:14     | Noticed Josephine
 23821 | D:14     | Killed Josephine
 24141 | D:14     | Found a gate to the Vaults.
 24216 | D:15     | Entered Level 15 of the Dungeon
 24527 | D:15     | Reached XP level 16. HP: 159/159 MP: 23/23
 24587 | D:15     | Found Voklarig's Weapon Emporium.
 24890 | D:15     | Found a staircase to the Depths.
 25295 | Snake:1  | Entered Level 1 of the Snake Pit
 25295 | Snake:1  | Noticed Rupert
 25304 | Snake:1  | Killed Rupert
 25429 | Snake:1  | Identified a scroll of acquirement
 25430 | Snake:1  | Got a jewelled hat
 25441 | Snake:1  | Identified the -4 hat of Listlessness {rPois rCorr Dex+2} (You acquired it on level 1 of the Snake Pit)
 25636 | Snake:1  | Noticed Aizul
 25654 | Snake:1  | Killed Aizul
 25796 | Snake:1  | Noticed Agnes
 25807 | Snake:1  | Killed Agnes
 26203 | Snake:1  | Reached skill level 18 in Axes
 26422 | Snake:2  | Found a shadowy altar of Dithmenos.
 26457 | Snake:2  | You fall through a shaft!
 26820 | Snake:3  | Noticed a greater naga
 26826 | Snake:3  | Killed a greater naga
 27181 | Snake:2  | Reached skill level 19 in Axes
 27889 | Snake:3  | Found a radiant altar of Vehumet.
 28112 | Snake:3  | Noticed Roxanne
 28129 | Snake:3  | Killed Roxanne
 28129 | Snake:3  | Reached XP level 17. HP: 56/172 MP: 13/24
 28526 | Snake:4  | Entered Level 4 of the Snake Pit
 28720 | Snake:4  | Reached skill level 20 in Axes
 28846 | Snake:4  | Found Xupamasu's Weapon Shoppe.
 30647 | Snake:4  | Reached skill level 21 in Axes
 31317 | Snake:4  | Reached XP level 18. HP: 124/182 MP: 25/25
 31345 | Snake:4  | Lost mutation: You have sharp toenails. [potion of cure mutation]
 31345 | Snake:4  | Lost mutation: You expend magic power (3 MP) to strengthen your wands. [potion of cure mutation]
 31345 | Snake:4  | Lost mutation: You have a pair of small antennae on your head. [potion of cure mutation]
 31777 | Snake:4  | Got a serpentine rune of Zot
 32320 | D:14     | Bought a potion of flight for 42 gold pieces
 32512 | Shoals:1 | Entered Level 1 of the Shoals
 32644 | Shoals:1 | Reached skill level 22 in Axes
 35187 | Shoals:4 | Entered Level 4 of the Shoals
 35562 | Shoals:4 | Noticed Ilsuiw
 35577 | Shoals:4 | Reached XP level 19. HP: 118/189 MP: 26/26
 35580 | Shoals:4 | Reached skill level 23 in Axes
 35592 | Shoals:4 | Killed Ilsuiw
 36060 | Shoals:4 | Noticed Polyphemus
 36086 | Shoals:4 | HP: 5/189 [merfolk javelineer/javelin (6)]
 36098 | Shoals:3 | Reached skill level 10 in Dodging
 36485 | Shoals:4 | Killed Polyphemus
 37148 | Shoals:4 | Got a barnacled rune of Zot
 37184 | Shoals:4 | Noticed Bai Suzhen
 37193 | Shoals:4 | Killed Bai Suzhen
 37799 | Vaults:1 | Entered Level 1 of the Vaults
 38529 | Vaults:1 | Reached skill level 15 in Armour
 38931 | Vaults:1 | Reached skill level 24 in Axes
 39600 | Vaults:2 | Found a staircase to the Crypt.
 39829 | Vaults:2 | Paralysed by a hornet for 2 turns
 39870 | Vaults:2 | Reached XP level 20. HP: 167/198 MP: 27/27
 39894 | Vaults:2 | Reached skill level 25 in Axes
 41286 | Vaults:2 | Reached skill level 26 in Axes
 41793 | Vaults:3 | Noticed Jorgrun
 41801 | Vaults:3 | Killed Jorgrun
 42231 | Vaults:3 | You fall through a shaft!
 42656 | Vaults:4 | Gained mutation: You have very sharp teeth. [potion of beneficial mutation]
 42769 | Vaults:4 | Noticed a Brimstone Fiend
 43037 | Vaults:4 | Reached XP level 21. HP: 165/204 MP: 28/28
 43396 | Vaults:4 | Paralysed by a floating eye for 2 turns
 43861 | Depths:1 | Entered Level 1 of the Depths
 43927 | Depths:1 | Found a shattered altar of Ashenzari.
 43965 | Depths:1 | Reached skill level 5 in Throwing
 44671 | Depths:1 | Found a one-way gate leading to the halls of Pandemonium.
 45431 | Depths:3 | Noticed TheGoonsmith's ghost (veteran GrFE)
 45452 | Depths:3 | Killed TheGoonsmith's ghost
 45827 | Depths:3 | Noticed Asterion
 45843 | Depths:3 | Killed Asterion
 45868 | Depths:3 | Noticed Sojobo
 45880 | Depths:3 | Killed Sojobo
 45900 | Depths:3 | Got a pair of smoking boots
 45911 | Depths:3 | Identified the +2 pair of boots of Gravitas {Str+4} (You acquired it on level 3 of the Depths)
 45947 | Depths:3 | Reached XP level 22. HP: 160/213 MP: 32/32
 46187 | Depths:3 | Found a portal to a secret trove of treasure.
 46904 | Depths:2 | Reached skill level 15 in Invocations
 47022 | Depths:2 | Noticed the Enchantress
 47035 | Depths:2 | Killed the Enchantress
 47249 | Depths:2 | Reached skill level 10 in Throwing
 47893 | Depths:2 | Paralysed by a floating eye for 2 turns
 48029 | Depths:2 | Reached XP level 23. HP: 212/220 MP: 35/35
 48588 | Depths:4 | Found a one-way gate to the infinite horrors of the Abyss.
 49277 | Depths:4 | Reached XP level 24. HP: 183/228 MP: 35/35
 49945 | Depths:4 | Identified the Papyrus of Orientation
 50087 | Depths:5 | Entered Level 5 of the Depths
 50199 | Depths:5 | Paralysed by a vampire knight for 2 turns
 50214 | Depths:5 | Slain by a brown very ugly thing

Vault maps used:
D:1:      tarquinn_simple_flora_water_e, minmay_misc_feat_enclosed,
          grunt_decor_mini_mirrors, minmay_box_of_dots
D:2:      marbit_many_paths, lightli_temple_of_fire
D:3:      kennysheep_ying_yang, kennysheep_nondescript
D:4:      led_sif_book, nemelex_xobeh_ov_fountains_minmay, first_bread
D:6:      nicolae_overflow_crystal_walls
D:7:      fiery_altar_vehumet, zin_statuary, lemuel_doored_altar,
          grunt_ogre_cave, minmay_lizard_king
D:8:      minivault_1, hangedman_abyss_or_decor_lesser_grid
D:9:      old_standard_altar, grunt_qazlal_clouds, serial_shops, shop,
          kennysheep_generic_room_11
D:11:     minmay_lair_entry_lava, lab_entry_generic, basic_altar, uniq_erica
D:12:     orc_0_dummy, bloody_trog
D:14:     david_vaults_1, serial_shops,
          nicolae_shop_temple_entry_statues_fountains, uniq_josephine,
          uniq_azrael
D:15:     gammafunk_enter_depths_forms, amethyst_killhole, serial_shops,
          nicolae_shop_crystal
Temple:   jpeg_temple_island
Lair:1:   st_stairs_4, grunt_forest_large_clearings, lemuel_fruit_fields
Lair:2:   grunt_megastairs_5, uniq_gastronok, uniq_prince_ribbit2
Lair:3:   minmay_lair_venomous_thicket, elwin_shoals_entry_rooms,
          grunt_forest_small_clearings
Lair:4:   guppyfry_snake_entry_island
Lair:5:   slime_altar_2
Lair:6:   evil_forest, lemuel_old_faithful, infiniplex_staircase_pool_2,
          uniq_snorg
Shoals:1: cheibrodos_shoals_oceanic_diplomacy,
          nicolae_shoals_kraken_intersection
Shoals:4: shoals_end_grunt_ice, shoal_ilsuiw, uniq_polyphemus, uniq_bai_suzhen
Snake:1:  uniq_aizul, uniq_rupert, uniq_agnes
Snake:2:  basic_altar
Snake:3:  basic_altar, uniq_roxanne
Snake:4:  snake_pit_salamanders_mu, serial_shops, nicolae_shop_trees
Orc:1:    serial_shops, nicolae_shop_trees, enter_bailey_2
Orc:2:    grunt_orc_tribal_feast, serial_shops, shop_statue,
          portal_ice_cave_entry_pillars_1
Vaults:1: grunt_vaults_focal, vaults_dpeg_cross, v_alt_pattern_4,
          nicolae_vaults_rhombus_7, vaults_room_fancy_cross,
          nicolae_vaults_octagons, ontoclasm_vaults_claustrophobia
Vaults:2: minmay_crypt_entry_simple_sparse, nicolae_vaults_mini_display_case,
          v_misc_24, st_greater_box_1, nicolae_vaults_network_star,
          hangedman_vaults_stream, ontoclasm_vaults_twist, vaults_room_hallway,
          vaults_dpeg_encased_lava, dpeg_vaults_monster_row
Vaults:3: vaults_room_corners, vaults_standard_mumra_x,
          nicolae_vaults_network_quinsquares, nicolae_vaults_inception_scallops,
          hangedman_vaults_corner_blocks, v_misc_19, grunt_vaults_hallway_short,
          uniq_jorgrun
Vaults:4: vaults_standard_mumra_enter_the_diamond, hangedman_vaults_slice,
          ontoclasm_vaults_ring_square, nicolae_vaults_asterisk,
          vaults_room_ringed_pool, v_misc_24, vaults_room_stairs_pillars,
          v_misc_26, ontoclasm_vaults_ring_small, v_misc_2, vaults_dpeg_hooks,
          vaults_room_hangedman_quadrants, nicolae_vaults_ring_of_whatevers,
          ontoclasm_vaults_tryst, hangedman_vaults_locks,
          vaults_room_grunt_arrival_ludios
Depths:1: grunt_hell_entry_dis_old, rand_demon_pan_entry_3,
          nicolae_ashenzari_panopticon
Depths:2: lemuel_river_lethe, hell_entry, uniq_enchantress
Depths:3: kennysheep_funnel, hell_entry, grunt_pan_entry_zigzag, enter_trove_6,
          kennysheep_dice, uniq_asterion, uniq_sojobo
Depths:4: evilmike_diamond_2, pan_entry, hell_entry,
          abyss_entry_small_statue_room, kennysheep_cross_bottleneck,
          kennysheep_cluttered_room, infiniplex_staircase_star
Depths:5: evilmike_zot_entry_castle, corexii_corridor_pit, special_room,
          abyss_entry, lightli_too_deep, pan_entry, grunt_ministairs_4,
          guppyfry_shop_earth, serial_bayou_shore_b
Abyss:3:  hangedman_stitches_earthworm,
          dshaligram_kb_abyss_rune_zappy_water_cross,
          onia_ninara_dug_in_and_dangerous
Lab:      nicolae_lab_dead_adventurers, nicolae_lab_dead_end,
          labyrinth_fake_exit, nicolae_lab_t_cross, nicolae_lab_swirl
Bailey:   bailey_polearm_2, bailey
IceCv:    ice_cave_small_demon

Skill      XL: |  1  2  3  4  5  6  7  8  9 10 11 12 13 14 15 16 17 18 19 20 21 22 23 24 |
---------------+-------------------------------------------------------------------------+-----
Fighting       | 3 4 5 6 8 11 13 15 16 18 20 21 | 21.8
Axes           | 5 6 7 8 10 12 13 14 15 17 19 21 22 24 26 | 26.1
Armour         | 6 8 11 12 13 14 15 16 17 | 17.0
Dodging        | 6 7 8 9 10 11 12 | 12.5
Invocations    | 7 10 14 17 | 17.4
Shields        | 4 |  4.0
Long Blades    | 6 11 12 | 12.6
Evocations     | 3 4 |  4.4
Throwing       | 3 8 10 11 | 11.9

Action                   |  1- 3 |  4- 6 |  7- 9 | 10-12 | 13-15 | 16-18 | 19-21 | 22-24 || total
-------------------------+-------+-------+-------+-------+-------+-------+-------+-------++-------
Melee: War axe           |    94 |   146 |   425 |   106 |       |       |       |       ||   771
       Hand axe          |       |       |       |   562 |   392 |       |       |       ||   954
       Kick              |       |       |       |   121 |   579 |    72 |       |       ||   772
       Battleaxe         |       |       |       |       |   284 |       |       |       ||   284
       Demon trident     |       |       |       |       |     7 |       |       |       ||     7
       Demon blade       |       |       |       |       |   790 |   117 |       |       ||   907
       Executioner's axe |       |       |       |       |       |   907 |   931 |   490 ||  2328
       Bite              |       |       |       |       |       |       |    56 |    74 ||   130
 Fire: Arbalest          |       |       |       |       |    54 |       |       |       ||    54
Throw: Throwing net      |       |     1 |       |     2 |       |       |       |       ||     3
       Tomahawk          |       |       |       |     2 |       |       |       |       ||     2
       Javelin           |       |       |       |       |    13 |     5 |    10 |     5 ||    33
Invok: Line Pass         |       |       |       |     4 |     5 |     4 |     1 |       ||    14
       Stomp             |       |       |       |     5 |     9 |     5 |       |       ||    19
       Grand Finale      |       |       |       |       |     1 |       |       |     1 ||     2
 Abil: Evoke Flight      |       |       |       |       |       |     7 |     3 |       ||    10
       Stop Flying       |       |       |       |       |       |       |     1 |       ||     1
Evoke: Wand              |       |       |     1 |     5 |    11 |       |     3 |     2 ||    22
       Sack of spiders   |       |       |       |       |     1 |     1 |       |       ||     2
       Phantom mirror    |       |       |       |       |       |       |     1 |       ||     1
  Use: Scroll            |       |     8 |     7 |    12 |    21 |    11 |    14 |     4 ||    77
       Potion            |       |       |       |     3 |     3 |     5 |    10 |     3 ||    24
 Stab: Held in net/web   |       |     1 |       |     4 |       |       |       |       ||     5
       Paralysed         |       |       |    13 |    69 |   135 |    98 |   146 |    64 ||   525
       Confused          |       |       |       |       |     2 |     1 |       |       ||     3
       Invisible         |       |       |       |       |       |       |     5 |       ||     5
       Distracted        |       |       |       |       |       |       |     1 |       ||     1
  Eat: Chunk             |       |    10 |    12 |    16 |    25 |    17 |    17 |    14 ||   111
       Bread ration      |       |       |     1 |     1 |     1 |       |       |       ||     3
       Pizza             |       |       |       |     1 |       |     1 |     4 |       ||     6
       Meat ration       |       |       |       |       |     4 |     4 |     2 |       ||    10
       Royal jelly       |       |       |       |       |     1 |       |       |       ||     1
Armor: Leather armour    |    26 |    13 |       |       |       |       |       |       ||    39
       Plate armour      |       |    45 |   244 |    43 |       |       |       |       ||   332
       Chain mail        |       |       |       |   208 |   500 |   438 |   404 |   208 ||  1758
Dodge: Dodged            |    73 |    63 |   102 |   195 |   875 |   723 |   658 |   313 ||  3002
Block: Other             |       |       |    29 |   114 |   138 |   219 |   207 |    93 ||   800
       Reflection        |       |       |       |     5 |    37 |    42 |    28 |     4 ||   116
       Buckler           |       |       |       |       |   486 |    42 |       |       ||   528
